[Event "Titled Tuesday Blitz December 06 Early 2022"]
[White "Bazarov, Konstantin"]
[Black "Kashtanov, Ruslan"]
[WhiteFideId "4137000"]
[BlackFideId "4124871"]
[WhiteElo "2228"]
[BlackElo "2276"]
[Result "1-0"]
[Round "08"]
[TimeControl "180+1"]
[Date "2022.12.07"]
[WhiteClock "0:00:15"]
[BlackClock "0:00:01"]

1. d4 Nf6 2. c4 g6 3. Nc3 Bg7 4. e4 d6 5. Nge2 a6 6. Ng3 O-O 7. h4 c5 8. d5 e6 9. Be2 exd5 10. exd5 b5 11. cxb5 Re8 12. O-O Nbd7 13. h5 Ne5 14. h6 Bh8 15. Bg5 Qa5 16. a4 Qb4 17. Qc2 Bb7 18. Rfd1 Nc4 19. Rab1 Nb6 20. Bf3 axb5 21. Nxb5 Bxd5 22. Bxd5 Nfxd5 23. Nxd6 Re6 24. Nde4 c4 25. b3 cxb3 26. Rxb3 Qxa4 27. Qb1 Bd4 28. Rbd3 Be5 29. Nc5 Qc6 30. Nxe6 Qxe6 31. Re1 f6 32. Bc1 Nc4 33. Qc2 Ncb6 34. Bb2 Rc8 35. Qe2 Nc4 36. Bxe5 Nxe5 37. Rdd1 Nf4 38. Qe4 g5 39. Nf5 Rc4 40. Qa8+ Kf7 41. Nd6+ Kg6 42. Nxc4 Qxc4 43. Qe4+ Qxe4 44. Rxe4 Kxh6 45. g3 Nfg6 46. Kg2 Kg7 47. Rh1 g4 48. Ra4 f5 49. Ra7+ 1-0


[Site "https://www.chess.com"]

[Event "Titled Tuesday Blitz December 06 Early 2022"]
[White "Belozerov, Andrei"]
[Black "Williams, Simon K"]
[WhiteFideId "4120213"]
[BlackFideId "404454"]
[WhiteElo "2360"]
[BlackElo "2468"]
[Result "0-1"]
[Round "08"]
[TimeControl "180+1"]
[Date "2022.12.07"]
[WhiteClock "0:00:04"]
[BlackClock "0:00:20"]

1. d4 e6 2. c4 f5 3. Nc3 Nf6 4. e3 b6 5. Bd3 Bb7 6. f3 Nh5 7. Nh3 Qh4+ 8. Nf2 Bb4 9. Bd2 O-O 10. Ne2 Nc6 11. Bxb4 Nxb4 12. Qd2 Nxd3+ 13. Qxd3 d6 14. Rc1 e5 15. O-O Rf6 16. dxe5 dxe5 17. c5 Rg6 18. c6 Bc8 19. Rfd1 Be6 20. Qc3 e4 21. f4 Nf6 22. Qe5 Ng4 23. Nxg4 Qxg4 24. Ng3 h5 25. Rd2 h4 26. Nf1 h3 27. g3 Rc8 28. Rcc2 Kh7 29. Rd7 Bxd7 30. cxd7 Qd1 31. dxc8=Q Qxc2 32. Qh8+ Kxh8 33. Qe8+ Kh7 34. Nd2 Qxd2 35. g4 Qg2# 0-1


[Site "https://www.chess.com"]

[Event "Titled Tuesday Blitz December 06 Early 2022"]
[White "Berezin, Viktor"]
[Black "Stijve, Theo"]
[WhiteFideId "14107872"]
[BlackFideId "1331132"]
[WhiteElo "2310"]
[BlackElo "2256"]
[Result "1-0"]
[Round "08"]
[TimeControl "180+1"]
[Date "2022.12.07"]
[WhiteClock "0:01:10"]
[BlackClock "0:00:09"]

1. c4 c5 2. Nf3 Nc6 3. g3 g6 4. Bg2 Bg7 5. O-O e5 6. Nc3 Nge7 7. d3 d6 8. Rb1 Be6 9. a3 a5 10. Ne1 O-O 11. Nc2 d5 12. cxd5 Nxd5 13. Bd2 b6 14. Ne3 Nxe3 15. Bxe3 Rc8 16. Rc1 Qd7 17. Qa4 Nd4 18. Qxd7 Bxd7 19. Rfe1 f5 20. Nd5 Rb8 21. Bxd4 exd4 22. b4 cxb4 23. axb4 a4 24. Rc7 Rfd8 25. Ra7 Kh8 26. Rc1 Be6 27. Nf4 Bb3 28. Rcc7 Rg8 29. Bd5 Bxd5 30. Nxd5 Rbc8 31. Rxc8 Rxc8 32. Nxb6 Rc1+ 33. Kg2 Bf8 34. Rxa4 Rb1 35. Nd5 Kg7 36. Ra7+ Kh6 37. Rb7 g5 38. b5 g4 39. h4 Rb2 40. Nf4 Bd6 41. Rb6 Rxb5 42. Rxb5 Be7 43. Rxf5 Bd6 1-0


[Site "https://www.chess.com"]

[Event "Titled Tuesday Blitz December 06 Early 2022"]
[White "Bochnicka, Vladimir"]
[Black "Moksh Amit Doshi"]
[WhiteFideId "14943450"]
[BlackFideId "25064967"]
[WhiteElo "2239"]
[BlackElo "2297"]
[Result "1-0"]
[Round "08"]
[TimeControl "180+1"]
[Date "2022.12.07"]
[WhiteClock "0:02:09"]
[BlackClock "0:01:18"]

1. e4 c5 2. Nf3 d6 3. d4 cxd4 4. Nxd4 Nf6 5. Nc3 a6 6. f3 e5 7. Nb3 Be6 8. Be3 Be7 9. Qd2 O-O 10. O-O-O Nbd7 11. g4 b5 12. g5 Nh5 13. Ne2 a5 14. Kb1 a4 15. Nbc1 Nb6 16. Ng3 Nf4 17. h4 Bc4 18. Bxf4 exf4 19. Qxf4 Qc7 20. Nf5 Rfc8 21. Nxe7+ Qxe7 22. Qxd6 Qb7 23. Bh3 Rc6 24. Qd8+ 1-0


[Site "https://www.chess.com"]

[Event "Titled Tuesday Blitz December 06 Early 2022"]
[White "Bok, Benjamin"]
[Black "Xiong, Jeffery"]
[WhiteFideId "1017063"]
[BlackFideId "2047640"]
[WhiteElo "2658"]
[BlackElo "2726"]
[Result "0-1"]
[Round "08"]
[TimeControl "180+1"]
[Date "2022.12.06"]
[WhiteClock "0:00:14"]
[BlackClock "0:00:08"]

1. d4 d5 2. c4 dxc4 3. Nf3 a6 4. e3 Nf6 5. Bxc4 e6 6. O-O c5 7. b3 cxd4 8. Nxd4 Bd6 9. Bb2 O-O 10. Nd2 e5 11. N4f3 Nc6 12. h3 h6 13. Rc1 Bf5 14. Be2 Re8 15. Nc4 Bc7 16. Qxd8 Raxd8 17. Rfd1 Nd5 18. a3 f6 19. Nh4 Be6 20. Bg4 Bf7 21. Nf5 h5 22. Bf3 e4 23. Be2 Rd7 24. g4 hxg4 25. Bxg4 Be6 26. Rd2 Kf7 27. Rcd1 Red8 28. Nd4 Bxg4 29. hxg4 Nxd4 30. Rxd4 b5 31. Nd2 Be5 32. Nxe4 Bxd4 33. Bxd4 Ne7 34. Rc1 Rc8 35. Nc5 Rd6 36. b4 Rcc6 37. Kg2 Nc8 38. Kf3 Nb6 39. Rh1 Nd7 40. Ne4 Rd5 41. Rh8 Ne5+ 42. Bxe5 Rxe5 43. Ra8 Kg6 44. Ra7 Rd5 45. Ng3 Rcd6 46. Nf5 Rxf5+ 47. gxf5+ Kxf5 48. Rxa6 Rxa6 0-1


[Site "https://www.chess.com"]

[Event "Titled Tuesday Blitz December 06 Early 2022"]
[White "Bon, Michael"]
[Black "Saravana, Krishnan P."]
[WhiteFideId "620696"]
[BlackFideId "5018382"]
[WhiteElo "2391"]
[BlackElo "2190"]
[Result "0-1"]
[Round "08"]
[TimeControl "180+1"]
[Date "2022.12.07"]
[WhiteClock "0:00:03"]
[BlackClock "0:00:25"]

1. e4 e5 2. Nf3 Nf6 3. Nc3 Bb4 4. Bc4 O-O 5. O-O c6 6. Nxe5 d5 7. exd5 cxd5 8. Bd3 Re8 9. Re1 Bd6 10. Nf3 Rxe1+ 11. Qxe1 Nc6 12. Nb5 Bc5 13. Bf1 d4 14. d3 a6 15. Na3 Bg4 16. Bf4 Bxf3 17. gxf3 Qd7 18. Nc4 Re8 19. Qd2 b5 20. Na3 Bb4 21. Qd1 Re1 22. Qxe1 Bxe1 23. Rxe1 h6 24. Nb1 Nb4 25. Re2 Nxa2 26. c3 dxc3 27. bxc3 Nd5 28. Be5 Nc1 29. Re1 Nb3 30. c4 bxc4 31. dxc4 Nb4 32. Nc3 Nd2 33. Bg2 Nd3 34. Rd1 Nxe5 35. Ne4 Ndxf3+ 36. Bxf3 Nxf3+ 37. Kg2 Qxd1 0-1


[Site "https://www.chess.com"]

[Event "Titled Tuesday Blitz December 06 Early 2022"]
[White "Borgaonkar Akshay"]
[Black "Donskov, Anatoly"]
[WhiteFideId "25639110"]
[BlackFideId "24143413"]
[WhiteElo "2063"]
[BlackElo "2219"]
[Result "1-0"]
[Round "08"]
[TimeControl "180+1"]
[Date "2022.12.07"]
[WhiteClock "0:01:10"]
[BlackClock "0:00:06"]

1. Nf3 d5 2. c3 Nf6 3. d4 e6 4. Bf4 c5 5. e3 Bd6 6. Ne5 Nc6 7. Bd3 Qc7 8. Nxc6 Bxf4 9. exf4 bxc6 10. g3 c4 11. Bc2 O-O 12. O-O c5 13. Nd2 cxd4 14. cxd4 Qb6 15. Nf3 Qxb2 16. Ne5 Ba6 17. Rb1 Qa3 18. Re1 Rab8 19. Re3 c3 20. Rxb8 Rxb8 21. Qe1 Rc8 22. Qb1 Qb2 23. Qd1 Ne4 24. Kg2 Qxa2 25. g4 f6 26. Nd7 Qc4 27. g5 Kh8 28. Rh3 f5 29. Bd3 c2 30. Rxh7+ Kxh7 31. Qh5+ Kg8 32. g6 Nf6 33. Nxf6+ Kf8 34. Qh8+ Ke7 35. Qxg7+ Kd6 36. Qd7# 1-0


[Site "https://www.chess.com"]

[Event "Titled Tuesday Blitz December 06 Early 2022"]
[White "Boros, Denes"]
[Black "Topalov, Aleksandar"]
[WhiteFideId "722340"]
[BlackFideId "925659"]
[WhiteElo "2464"]
[BlackElo "2151"]
[Result "1-0"]
[Round "08"]
[TimeControl "180+1"]
[Date "2022.12.07"]
[WhiteClock "0:01:25"]
[BlackClock "0:00:06"]

1. d4 Nf6 2. Nc3 d5 3. Nf3 Bf5 4. Bg5 Nbd7 5. e3 c6 6. Ne5 Qa5 7. Bd3 Nxe5 8. dxe5 Ne4 9. Bxe4 Bxe4 10. e6 fxe6 11. O-O Bg6 12. Qg4 Bf5 13. Qg3 Bxc2 14. Qe5 Bf5 15. e4 Bg6 16. Rfe1 O-O-O 17. Qxe6+ Kb8 18. exd5 cxd5 19. Rac1 Qb6 20. Bf4+ Ka8 21. Nxd5 Qxe6 22. Nc7+ 1-0


[Site "https://www.chess.com"]

[Event "Titled Tuesday Blitz December 06 Early 2022"]
[White "Buksa, Nataliya"]
[Black "Gheorghiu, Calin"]
[WhiteFideId "14123622"]
[BlackFideId "1200305"]
[WhiteElo "2303"]
[BlackElo "2224"]
[Result "0-1"]
[Round "08"]
[TimeControl "180+1"]
[Date "2022.12.07"]
[WhiteClock "0:01:00"]
[BlackClock "0:00:31"]

1. d4 Nf6 2. Nc3 d5 3. Bf4 g6 4. e3 Bg7 5. h4 h5 6. Nf3 O-O 7. Ne5 Nbd7 8. Be2 c5 9. Qd2 Ne4 10. Nxe4 dxe4 11. Nxd7 Bxd7 12. c3 cxd4 13. cxd4 Rc8 14. O-O e6 15. Bg5 Bf6 16. Bxf6 Qxf6 17. g3 Rc7 18. Rac1 Rfc8 19. Rxc7 Rxc7 20. Rc1 Qd8 21. Rc5 b6 22. Rc3 Qc8 23. Kg2 a5 24. Ba6 Qb8 25. d5 Rxc3 26. bxc3 b5 27. Qd4 exd5 28. Qxd5 Be6 29. Qc5 b4 30. cxb4 Qxb4 31. Qc6 Bxa2 32. Bb5 Be6 33. Qe8+ Kg7 34. Qc6 Bg4 35. Bc4 Bf3+ 36. Kg1 Qe1+ 37. Bf1 Be2 38. Qxe4 Qxf1+ 39. Kh2 Qxf2+ 40. Qg2 Qxg2+ 41. Kxg2 a4 42. Kf2 a3 43. Kxe2 a2 0-1


[Site "https://www.chess.com"]

[Event "Titled Tuesday Blitz December 06 Early 2022"]
[White "Chernomordik, Pavel"]
[Black "Lakshmi C"]
[WhiteFideId "2804530"]
[BlackFideId "25035347"]
[WhiteElo "2193"]
[BlackElo "1942"]
[Result "1-0"]
[Round "08"]
[TimeControl "180+1"]
[Date "2022.12.07"]
[WhiteClock "0:02:02"]
[BlackClock "0:00:12"]

1. e4 c5 2. Nc3 Nc6 3. Bb5 g6 4. Bxc6 dxc6 5. f4 Bg7 6. Nf3 Nf6 7. O-O Nd7 8. d3 b6 9. Qe2 Ba6 10. e5 Nf8 11. Ne4 Qd7 12. Nf6+ Bxf6 13. exf6 Ne6 14. Ne5 Qc7 15. fxe7 Nd4 16. Qf2 f6 17. Ng4 Qxe7 18. Re1 Ne6 19. f5 gxf5 20. Qxf5 1-0


[Site "https://www.chess.com"]

[Event "Titled Tuesday Blitz December 06 Early 2022"]
[White "Chernov, Mikhail"]
[Black "Martinez Reyes, Pedro Ramon"]
[WhiteFideId "24143170"]
[BlackFideId "3901807"]
[WhiteElo "2113"]
[BlackElo "2354"]
[Result "1-0"]
[Round "08"]
[TimeControl "180+1"]
[Date "2022.12.07"]
[WhiteClock "0:00:08"]
[BlackClock "0:00:22"]

1. e4 Nf6 2. e5 Ng8 3. d4 d6 4. f4 dxe5 5. fxe5 Bf5 6. Nf3 e6 7. Bd3 Bxd3 8. Qxd3 c5 9. c3 cxd4 10. cxd4 Bb4+ 11. Nc3 Nc6 12. O-O Nge7 13. a3 Ba5 14. Ne4 O-O 15. Bg5 Qd5 16. Rad1 Ng6 17. Kh1 Bd8 18. Be3 Be7 19. Nc3 Qd7 20. Qe4 Rfd8 21. d5 exd5 22. Nxd5 Qe6 23. Nc7 Rxd1 24. Rxd1 Qb3 25. Rd3 Qc2 26. Rd8+ Bxd8 27. Qxc2 Bxc7 28. e6 fxe6 29. Qe4 Re8 30. Ng5 Be5 31. Qf3 Bf6 32. Ne4 Be7 33. g3 Nce5 34. Qe2 b6 35. Bg5 Bf8 36. b4 h6 37. Bf4 Nf7 38. Qd3 Ne7 39. Nd6 Nxd6 40. Bxd6 Nd5 41. Be5 Rc8 42. Qg6 Rc6 43. Qe8 Rc1+ 44. Kg2 Ne7 45. Bd6 Rc2+ 46. Kh3 Rc8 47. Qd7 Rc3 48. Qxe6+ Kh7 49. Bxe7 Bxe7 50. Qxe7 Rxa3 51. Qe4+ Kh8 52. Qe8+ Kh7 53. b5 Ra5 54. Qd7 Kh8 55. Kg2 Ra3 56. h4 Ra5 57. Kh3 Ra4 58. g4 Ra3+ 59. Kg2 Ra2+ 60. Kf3 Ra4 61. h5 Kg8 62. Qe8+ Kh7 63. Qg6+ Kh8 64. g5 hxg5 65. h6 gxh6 66. Qxh6+ Kg8 67. Qxg5+ Kf8 68. Qf6+ Ke8 69. Qe6+ Kd8 70. Qd6+ Kc8 71. Ke3 Rc4 72. Kd3 Rc5 73. Kd4 Kb7 74. Qd7+ Kb8 75. Ke4 Ka8 76. Qd8+ Kb7 77. Qd7+ Rc7 78. Qd5+ Kb8 79. Kd4 Kc8 80. Qg8+ Kb7 81. Qe8 Rc5 82. Qd7+ Kb8 83. Qd8+ Rc8 84. Qf6 Rc5 85. Kd3 Kb7 86. Qe7+ Kb8 87. Qd8+ Kb7 88. Qd7+ Kb8 89. Qd8+ Rc8 90. Qd7 Rc7 91. Qd8+ Kb7 92. Qd5+ Kc8 93. Qa8+ Kd7 94. Kd4 Ke7 95. Ke5 Rc5+ 96. Kd4 Rxb5 97. Qxa7+ Kd6 98. Qb8+ Kc6 99. Qc8+ Kd6 100. Qd8+ Kc6 101. Qe8+ Kb7 102. Qxb5 1-0


[Site "https://www.chess.com"]

[Event "Titled Tuesday Blitz December 06 Early 2022"]
[White "Chigaev, Maksim"]
[Black "Manon-og, Ramon Jr."]
[WhiteFideId "4108116"]
[BlackFideId "5200776"]
[WhiteElo "2542"]
[BlackElo "2371"]
[Result "1-0"]
[Round "08"]
[TimeControl "180+1"]
[Date "2022.12.07"]
[WhiteClock "0:02:38"]
[BlackClock "0:01:42"]

1. e4 c5 2. Nf3 d6 3. d4 cxd4 4. Nxd4 Nf6 5. Nc3 a6 6. Be3 e5 7. Nf3 Be7 8. h3 O-O 9. g4 Be6 10. g5 Nfd7 11. Nd5 Nc6 12. h4 f5 13. gxf6 Nxf6 14. Ng5 Bg4 15. Nxf6+ gxf6 16. Qxg4 fxg5 17. hxg5 Qe8 18. Bc4+ Kg7 19. Rxh7+ Kxh7 20. Qh3+ Kg7 21. Qh6# 1-0


[Site "https://www.chess.com"]

[Event "Titled Tuesday Blitz December 06 Early 2022"]
[White "Cramling Bellon, Anna"]
[Black "Mrudul Dehankar"]
[WhiteFideId "32009232"]
[BlackFideId "25096990"]
[WhiteElo "1972"]
[BlackElo "2139"]
[Result "1-0"]
[Round "08"]
[TimeControl "180+1"]
[Date "2022.12.07"]
[WhiteClock "0:00:03"]
[BlackClock "0:00:02"]

1. d4 Nf6 2. c4 e6 3. Nc3 Bb4 4. Qc2 O-O 5. e4 d5 6. cxd5 exd5 7. e5 Ne4 8. Bd3 c5 9. Nf3 Nc6 10. O-O Bxc3 11. bxc3 cxd4 12. Ba3 Re8 13. cxd4 Bg4 14. Bxe4 dxe4 15. Qxe4 Bxf3 16. gxf3 Qxd4 17. Rfe1 Qxe5 18. Qxe5 Nxe5 19. Kg2 Nc4 20. Bb4 f6 21. Re4 Nb6 22. Rae1 Rxe4 23. fxe4 Nd5 24. exd5 Kf7 25. d6 Rd8 26. Re7+ Kg6 27. Rxb7 h5 28. Rxa7 Rb8 29. a3 Rd8 30. d7 1-0


[Site "https://www.chess.com"]

[Event "Titled Tuesday Blitz December 06 Early 2022"]
[White "Csonka, Balazs"]
[Black "Zaragatski, Ilja"]
[WhiteFideId "742910"]
[BlackFideId "4655192"]
[WhiteElo "2404"]
[BlackElo "2460"]
[Result "1-0"]
[Round "08"]
[TimeControl "180+1"]
[Date "2022.12.07"]
[WhiteClock "0:00:09"]
[BlackClock "0:00:01"]

1. d4 Nf6 2. c4 c5 3. d5 b5 4. cxb5 a6 5. Nc3 axb5 6. e4 Qa5 7. Bd2 b4 8. e5 bxc3 9. Bxc3 Qa4 10. exf6 Qxd1+ 11. Rxd1 gxf6 12. d6 Rxa2 13. Bc4 Ra4 14. b3 Ra7 15. Ne2 Nc6 16. Nf4 Ne5 17. Nd5 Bb7 18. O-O Rg8 19. f4 Nxc4 20. bxc4 Bxd5 21. cxd5 e6 22. Ra1 Rxa1 23. Rxa1 Be7 24. Ra8+ Bd8 25. Bxf6 Rf8 26. Kf1 c4 27. Ke2 c3 28. Kd1 h5 29. g3 c2+ 30. Kxc2 h4 31. g4 e5 32. fxe5 h3 33. Kd3 Rg8 34. g5 Rh8 35. Bxh8 1-0


[Site "https://www.chess.com"]

[Event "Titled Tuesday Blitz December 06 Early 2022"]
[White "Czopor, Maciej"]
[Black "Ismayil, Malak"]
[WhiteFideId "21805431"]
[BlackFideId "13412604"]
[WhiteElo "2324"]
[BlackElo "1880"]
[Result "0-1"]
[Round "08"]
[TimeControl "180+1"]
[Date "2022.12.07"]
[WhiteClock "0:00:01"]
[BlackClock "0:00:03"]

1. c4 e5 2. Nc3 Nf6 3. e3 d5 4. cxd5 Nxd5 5. Qc2 Nxc3 6. bxc3 Be7 7. Nf3 O-O 8. Nxe5 c6 9. d4 Be6 10. Bd3 h6 11. O-O Nd7 12. Nxd7 Qxd7 13. Bb2 Rac8 14. e4 f5 15. e5 f4 16. c4 f3 17. g3 Kh8 18. Rfe1 Bb4 19. Re3 Ba5 20. Rd1 Bb6 21. Be4 Bg4 22. Qd3 Qf7 23. h3 Bxh3 24. Bxf3 Be6 25. Ba3 Bxc4 26. Qc3 Rfd8 27. Bd6 Bxa2 28. Bg2 Bd5 29. Bh3 Be6 30. Rf3 Qd7 31. Bf1 Bg4 32. Re1 Bc7 33. Rf4 Bxd6 34. exd6 Be6 35. d5 cxd5 36. Qe5 Bg8 37. Rh4 Qxd6 38. Qd4 Qg6 39. Bd3 Qf6 40. Qxf6 gxf6 41. Rxh6+ Kg7 42. Rh4 Kf7 43. Rg4 Rc3 44. Bg6+ Kf8 45. Bf5 Rc7 46. Kg2 Rg7 47. Rd4 Re7 48. Rc1 Bf7 49. Rc5 b6 50. Rc6 Be8 51. Rxf6+ Rf7 52. Rxf7+ Bxf7 53. g4 Ke7 54. g5 Kd6 55. g6 Ke5 56. Rg4 Kxf5 0-1


[Site "https://www.chess.com"]

[Event "Titled Tuesday Blitz December 06 Early 2022"]
[White "D`Arruda, Ricardo D."]
[Black "Albertini, Luca"]
[WhiteFideId "100692"]
[BlackFideId "847038"]
[WhiteElo "2449"]
[BlackElo "2207"]
[Result "1/2-1/2"]
[Round "08"]
[TimeControl "180+1"]
[Date "2022.12.07"]
[WhiteClock "0:00:24"]
[BlackClock "0:01:00"]

1. d4 d5 2. Nf3 Nf6 3. g3 c5 4. Bg2 Bg4 5. O-O Bxf3 6. Bxf3 e6 7. c4 cxd4 8. cxd5 Nxd5 9. Qxd4 Nc6 10. Qa4 Qa5 11. Qxa5 Nxa5 12. Rd1 O-O-O 13. Bd2 Nc6 14. Nc3 Nb6 15. b3 Be7 16. Be3 Bf6 17. Rac1 Bxc3 18. Rxd8+ Rxd8 19. Rxc3 Rd1+ 20. Kg2 Nd5 21. Bxd5 Rxd5 22. a3 a6 23. b4 Kd7 24. Bb6 e5 25. e4 Rd2 26. Kf3 Ra2 27. Ke3 Ke6 28. h3 g6 29. Bc5 f5 30. exf5+ gxf5 31. Rd3 Nd4 32. Bxd4 exd4+ 33. Kxd4 Rxf2 34. Re3+ Kd6 35. Rd3 Re2 36. a4 Rh2 37. h4 Ra2 38. a5 Re2 39. Kc4+ Kc6 40. Rf3 Re4+ 41. Kc3 Rg4 42. h5 Rg5 43. h6 Rg6 44. Kc4 Rxh6 45. Rxf5 Rg6 46. Rc5+ Kd6 47. Rh5 h6 48. Rh3 Rg4+ 49. Kc3 h5 50. Rxh5 Rxg3+ 51. Kc4 Rg4+ 52. Kc3 Rg3+ 53. Kc4 Rg4+ 54. Kc3 Rg3+ 1/2-1/2


[Site "https://www.chess.com"]

[Event "Titled Tuesday Blitz December 06 Early 2022"]
[White "Dardha, Daniel"]
[Black "Harikrishna, Pentala"]
[WhiteFideId "240990"]
[BlackFideId "5007003"]
[WhiteElo "2528"]
[BlackElo "2617"]
[Result "1-0"]
[Round "08"]
[TimeControl "180+1"]
[Date "2022.12.06"]
[WhiteClock "0:01:28"]
[BlackClock "0:00:06"]

1. d4 Nf6 2. Bg5 d5 3. e3 c5 4. Bxf6 gxf6 5. dxc5 e6 6. Nf3 Bxc5 7. Be2 Nc6 8. O-O e5 9. c4 e4 10. Nd4 Rg8 11. Nb3 Bh3 12. g3 Bxf1 13. Qxf1 Bb6 14. Nc3 d4 15. exd4 f5 16. c5 Bc7 17. d5 Ne5 18. d6 Bxd6 19. Rd1 Rg6 20. Nb5 Kf8 21. Nxd6 Qg5 22. Nd4 Rf6 23. Qh3 Rd8 24. Qxh7 Ng6 25. Nxf7 Rxd4 26. Nxg5 1-0


[Site "https://www.chess.com"]

[Event "Titled Tuesday Blitz December 06 Early 2022"]
[White "De Souza, Cristiano Gomes"]
[Black "Tologon tegin, Semetei"]
[WhiteFideId "2151758"]
[BlackFideId "13800574"]
[WhiteElo "2068"]
[BlackElo "2264"]
[Result "0-1"]
[Round "08"]
[TimeControl "180+1"]
[Date "2022.12.07"]
[WhiteClock "0:01:09"]
[BlackClock "0:01:11"]

1. d4 Nf6 2. c4 e6 3. Nf3 Bb4+ 4. Bd2 Qe7 5. a3 Bxd2+ 6. Qxd2 Ne4 7. Qc2 f5 8. Nbd2 Nxd2 9. Qxd2 b6 10. g3 Bb7 11. Bg2 d6 12. O-O Nd7 13. Ne1 Bxg2 14. Nxg2 O-O 15. b4 a5 16. Nf4 Nf6 17. f3 e5 18. dxe5 Qxe5 19. Rad1 axb4 20. axb4 Rfe8 21. Rfe1 Ra4 22. Kg2 Rea8 23. Nd5 Nxd5 24. Qxd5+ Qxd5 25. Rxd5 Rxb4 26. Rxf5 Rxc4 27. g4 c6 28. h4 b5 29. Kg3 b4 30. Rb1 Rb8 31. h5 h6 32. g5 hxg5 33. Rxg5 Kh7 34. Rg6 Rd4 35. e4 b3 36. Kf4 Rd3 37. Rg2 Rf8+ 38. Kg4 Rfxf3 39. Rd2 c5 40. Rxd3 Rxd3 41. Kf4 c4 0-1


[Site "https://www.chess.com"]

[Event "Titled Tuesday Blitz December 06 Early 2022"]
[White "Durarbayli, Vasif"]
[Black "Concio, Michael Jr."]
[WhiteFideId "13402935"]
[BlackFideId "5217873"]
[WhiteElo "2576"]
[BlackElo "2263"]
[Result "1-0"]
[Round "08"]
[TimeControl "180+1"]
[Date "2022.12.06"]
[WhiteClock "0:00:12"]
[BlackClock "0:00:01"]

1. e4 c6 2. d4 d5 3. exd5 cxd5 4. c4 Nf6 5. Nc3 Nc6 6. Nf3 Bg4 7. cxd5 Nxd5 8. Qb3 Bxf3 9. gxf3 Nxc3 10. bxc3 Qc7 11. Bf4 Qxf4 12. Qxb7 Qxf3 13. Qxa8+ Kd7 14. Kd2 Qf4+ 15. Kc2 Qe4+ 16. Kb2 e6 17. Qb7+ Kd6 18. Bb5 Be7 19. Rae1 Qf3 20. Qxc6+ Qxc6 21. Bxc6 Kxc6 22. Kc2 Rd8 23. Kd3 Bf6 24. f4 Rd5 25. Rb1 Rf5 26. Rhf1 Ra5 27. Rb2 Rh5 28. Kc4 Ra5 29. Rfb1 Rh5 30. Rb7 Rxh2 31. Rxa7 h5 32. a4 1-0


[Site "https://www.chess.com"]

[Event "Titled Tuesday Blitz December 06 Early 2022"]
[White "Dzhaparov, Medet"]
[Black "Vifleemskaia, Svetlana"]
[WhiteFideId "13803689"]
[BlackFideId "4129490"]
[WhiteElo "1702"]
[BlackElo "1930"]
[Result "0-1"]
[Round "08"]
[TimeControl "180+1"]
[Date "2022.12.07"]
[WhiteClock "0:00:01"]
[BlackClock "0:01:27"]

1. e4 e5 2. Nf3 Nc6 3. d4 exd4 4. Nxd4 Bc5 5. Be3 Bb6 6. Bc4 Nf6 7. Nc3 O-O 8. O-O Ne5 9. Bb3 Neg4 10. Qd2 Nxe3 11. Qxe3 d6 12. Qd2 Re8 13. Rfe1 Nd7 14. Nd5 Nc5 15. Nxb6 axb6 16. a3 Nxe4 17. Qf4 Nf6 18. Nf5 Bxf5 19. Qxf5 Ra5 20. Qf3 c6 21. Qc3 Rae5 22. Rxe5 Rxe5 23. Re1 Qe7 24. Rxe5 Qxe5 25. Qb4 b5 26. g3 h5 27. Kg2 Qe4+ 28. Qxe4 Nxe4 29. Kf3 Nd2+ 30. Ke3 Nxb3 31. cxb3 Kf8 32. Kd4 Ke7 33. Ke4 Ke6 34. h3 g5 35. h4 f5+ 36. Kd4 gxh4 37. gxh4 c5+ 38. Ke3 Ke5 39. f4+ Kd5 40. Kd3 Kc6 41. Kc3 d5 42. Kd3 d4 43. b4 b6 44. b3 Kd5 45. bxc5 bxc5 46. a4 c4+ 47. Kc2 bxa4 0-1


[Site "https://www.chess.com"]

[Event "Titled Tuesday Blitz December 06 Early 2022"]
[White "Estrada Nieto, Julian"]
[Black "Kyaw Lay Htaik"]
[WhiteFideId "5101018"]
[BlackFideId "13002007"]
[WhiteElo "2195"]
[BlackElo "2261"]
[Result "1-0"]
[Round "08"]
[TimeControl "180+1"]
[Date "2022.12.07"]
[WhiteClock "0:00:42"]
[BlackClock "0:00:04"]

1. e4 c5 2. Nf3 Nc6 3. Bb5 g6 4. Bxc6 bxc6 5. O-O Bg7 6. Re1 d6 7. c3 Nh6 8. d4 cxd4 9. cxd4 O-O 10. h3 f6 11. Nc3 Rb8 12. b3 Nf7 13. Qc2 Bd7 14. Be3 Qa5 15. Rad1 Rfc8 16. Nd2 Be6 17. Qd3 Bh6 18. Rc1 Bxe3 19. Qxe3 Rb4 20. Nf3 Kg7 21. e5 dxe5 22. dxe5 f5 23. Nd4 Nd8 24. Na4 Bd5 25. e6 Qc7 26. Qc3 Rxd4 27. Qxd4+ Kg8 28. Nc5 Qd6 29. Re5 a5 30. f4 Rb8 31. Nd3 Nxe6 32. Qe3 Kf7 33. Re1 1-0


[Site "https://www.chess.com"]

[Event "Titled Tuesday Blitz December 06 Early 2022"]
[White "Fecker, Noah"]
[Black "Goroshkov, Maksym"]
[WhiteFideId "1334263"]
[BlackFideId "14142716"]
[WhiteElo "2291"]
[BlackElo "2258"]
[Result "1-0"]
[Round "08"]
[TimeControl "180+1"]
[Date "2022.12.07"]
[WhiteClock "0:00:09"]
[BlackClock "0:00:07"]

1. b3 Nf6 2. Bb2 g6 3. Bxf6 exf6 4. c4 Bg7 5. Nc3 O-O 6. g3 c5 7. Bg2 Nc6 8. e3 f5 9. Nge2 b6 10. O-O Bb7 11. d4 d6 12. Qd2 Qc8 13. Rad1 Rd8 14. Nb5 a6 15. Nbc3 Ne7 16. Nf4 Bxg2 17. Kxg2 Qb7+ 18. Nfd5 b5 19. Kg1 Nc6 20. dxc5 dxc5 21. Ne2 bxc4 22. bxc4 Ne5 23. Qc2 Rd6 24. Rb1 Qc6 25. Rb6 Qd7 26. Rfb1 h5 27. Rb7 Qd8 28. h4 Rxd5 29. cxd5 Qxd5 30. Nf4 Nf3+ 31. Kf1 Nh2+ 32. Kg1 Nf3+ 33. Kh1 Qd8 34. Kg2 Ne5 35. Qxc5 Qd2 36. Qd5 Qc2 37. Rxf7 Nxf7 38. Qxa8+ Kh7 39. Rb7 Qc6+ 40. Kf1 Ne5 41. Ra7 Qc4+ 42. Kg2 Ng4 43. Qb7 Nxe3+ 44. fxe3 Qc2+ 45. Kh3 Qc3 46. Ne6 1-0


[Site "https://www.chess.com"]

[Event "Titled Tuesday Blitz December 06 Early 2022"]
[White "Forgacs, Attila Jr."]
[Black "Postnikov, Artem"]
[WhiteFideId "773654"]
[BlackFideId "34153575"]
[WhiteElo "2168"]
[BlackElo "2243"]
[Result "0-1"]
[Round "08"]
[TimeControl "180+1"]
[Date "2022.12.07"]
[WhiteClock "0:01:03"]
[BlackClock "0:00:18"]

1. e4 e5 2. Nf3 Nc6 3. Bb5 a6 4. Ba4 Nf6 5. O-O b5 6. Bb3 Bc5 7. a4 Rb8 8. Nxe5 Nxe5 9. d4 Bxd4 10. Qxd4 d6 11. Bg5 c5 12. Qe3 h6 13. Bh4 O-O 14. axb5 axb5 15. Nc3 c4 16. Ba2 Be6 17. h3 b4 18. f4 Ng6 19. Bxf6 Qxf6 20. f5 bxc3 21. fxe6 cxb2 22. exf7+ Rxf7 23. Rab1 Qe6 24. Rxf7 Kxf7 25. Qd4 Ne5 26. Rxb2 Rxb2 27. Qxb2 Qc8 28. Qb6 Qc5+ 29. Qxc5 dxc5 30. c3 h5 31. Kf2 h4 32. Ke3 g5 33. Bb1 Ke6 34. Bc2 Ng6 35. Bd1 Nf4 36. Kf3 Ke5 37. Ba4 Nd3 38. Bb5 Ne1+ 39. Kf2 Nd3+ 40. Ke3 Nb2 41. Ba6 Nd1+ 42. Kd2 Nb2 43. Kc2 Nd3 44. Bxc4 Ne1+ 45. Kd2 Nxg2 46. Bb5 Nf4 47. Bd7 Kxe4 48. Bg4 Ng2 49. Ke2 Kf4 50. Kf2 Ne3 51. Be6 Nf5 52. c4 Nd6 53. Bg8 Ne4+ 54. Kg2 Ke3 55. Bf7 Nc3 56. Be6 Ne2 57. Bf7 Nf4+ 58. Kh2 Kf2 59. Bg8 Nd3 60. Bd5 Ne1 61. Be6 Nf3+ 62. Kh1 Kg3 63. Bg4 Ne5 64. Be6 Nd3 65. Kg1 Nf4 66. Kf1 Nxh3 67. Ke2 Nf4+ 68. Ke3 h3 69. Ke4 h2 70. Bd5 Nxd5 71. Ke5 h1=Q 72. cxd5 c4 73. d6 c3 74. Ke6 Qd1 75. d7 c2 76. Ke7 c1=Q 77. d8=Q Qxd8+ 78. Kxd8 g4 79. Kd7 Kf3 80. Ke6 g3 81. Kf5 g2 82. Kg6 g1=Q+ 83. Kh5 Qcc5+ 84. Kh4 Qcg5+ 85. Kh3 Qh1# 0-1


[Site "https://www.chess.com"]